 Seeded DCSS version 0.29.1-2-gbd0b4ee654 (webtiles) character file.

Game seed: 13984019234724000267 (custom seed)

21 opdollar the Caller (level 2, 0/20 HPs)
             Began as a Gnoll Summoner on Nov 11, 2022.
             Was a Follower of Trog.
             Succumbed to an adder's poison
             ... on level 2 of the Dungeon.
             The game lasted 00:14:27 (1197 turns).

opdollar the Caller (Gnoll Summoner)                Turns: 1197, Time: 00:14:27

Health: 0/20       AC:  3    Str:  7    XL:     2   Next: 87%
Magic:  7/7        EV: 12    Int: 14    God:    Trog [*.....]
Gold:   109        SH:  0    Dex: 12    Spells: 9/10 levels left

rFire   . . .      SeeInvis .   d - +0 club
rCold   . . .      Faith    .   (no shield)
rNeg    . . .      Spirit   .   i - +0 leather armour
rPois   .          Reflect  .   (no helmet)
rElec   .          Harm     .   (no cloak)
rCorr   .          Rampage  .   (no gloves)
Will    .....                   (no boots)
Stlth   ++........              (no amulet)
HPRegen 0.06/turn               (no ring)
MPRegen 0.10/turn               (no ring)

@: lethally poisoned (0 -> -3)
A: fangs 1, strong nose, distributed training
a: Renounce Religion, Berserk


You were on level 2 of the Dungeon.
You worshipped Trog.
Trog was aware of your devotion.
You visited 1 branch of the dungeon, and saw 2 of its levels.

You collected 109 gold pieces.

Inventory:

Hand Weapons
 d - a +0 club (weapon)
 j - a +0 short sword
 k - a +0 dagger
Missiles
 e - 25 stones
Armour
 a - a +0 robe
 i - a +0 leather armour (worn)
Jewellery
 p - an amulet of faith
Scrolls
 c - a scroll of immolation {unknown}
 f - a scroll of poison {unknown}
 h - a scroll of teleportation {unknown}
 l - a scroll of enchant weapon {unknown}
 m - 4 scrolls of vulnerability {unknown}
 n - 3 scrolls of identify {unknown}
 o - a scroll of torment {unknown}
Potions
 b - a potion of magic
 g - a potion of curing {unknown}


   Skills:
 + Level 0.5 Fighting
 + Level 0.5 Short Blades
 + Level 0.5 Long Blades
 + Level 0.5 Axes
 + Level 0.5 Maces & Flails
 + Level 0.5 Polearms
 + Level 0.5 Staves
 + Level 0.5 Ranged Weapons
 + Level 0.5 Throwing
 + Level 0.5 Armour
 + Level 4.5 Dodging
 + Level 4.1 Stealth
 + Level 0.5 Shields
 + Level 0.5 Unarmed Combat
 + Level 4.9 Spellcasting
 + Level 0.4 Conjurations
 + Level 0.4 Hexes
 + Level 7.0 Summonings
 + Level 0.4 Necromancy
 + Level 0.4 Translocations
 + Level 0.4 Transmutations
 + Level 0.4 Fire Magic
 + Level 0.4 Ice Magic
 + Level 0.4 Air Magic
 + Level 0.4 Earth Magic
 + Level 0.4 Poison Magic
 + Level 0.7 Invocations
 + Level 0.5 Evocations


You had 9 spell levels left.
You knew the following spells:

 Your Spells              Type           Power      Damage    Failure   Level
a - Summon Small Mammal   Summ           92%        N/A       1%          1

Your spell library contained the following spells:

 Spells                   Type           Power      Damage    Failure   Level
 Call Imp                 Summ           23%        N/A       1%          2
 Call Canine Familiar     Summ           23%        N/A       4%          3
 Summon Guardian Golem    Hex/Summ       13%        N/A       17%         3
 Sting                    Tmut/Pois      16%        1d3       22%         1
 Summon Lightning Spire   Summ/Air       13%        N/A       50%         4


Dungeon Overview and Level Annotations

Branches:
Dungeon (2/15)

Altars:
Trog


Innate Abilities, Weirdness & Mutations

You have very sharp teeth.
Your uncanny sense of smell can sniff out nearby items.
Your experience applies equally to all skills.


Message History

A bat comes into view.
You see here 3 gold pieces.
Found a chain mail.
The kobold shouts!
You closely miss the kobold.
The adder hisses angrily.
Your bite misses the kobold. The kobold misses you.
You hit the kobold.
The kobold is severely wounded.
The kobold misses you. The adder bites you.
You hit the kobold.
You kill the kobold!
Trog accepts your kill. The bat hits you but does no damage.
The adder barely misses you. The bat barely misses you.
You closely miss the adder. Your bite misses the adder. The bat hits you.
The adder misses you.
A frilled lizard comes into view.
The adder bites you but does no damage.
The frilled lizard hisses angrily.
You hit the adder but do no damage. You bite the adder, but do no damage.
The bat barely misses you. The adder bites you.
You are poisoned.
The adder poisons you! The adder bites you.
You hit the adder but do no damage.
You feel very sick. The bat hits you but does no damage.
The adder bites you but does no damage.
You hit the adder. You bite the adder.
The adder is lightly wounded.
You feel sick. The bat hits you but does no damage. The adder bites you. x2
The frilled lizard unfolds its giant frill.
You hit the adder. You bite the adder, but do no damage.
The adder is moderately wounded.
You feel sick. The bat hits you but does no damage. The adder bites you.
* * * LOW HITPOINT WARNING * * *
The adder bites you.
* * * LOW HITPOINT WARNING * * *
You hit the adder.
The adder is heavily wounded.
You die...

#..........##.#
#........#..#.#
........#.#..#.#
##........#..#.#
#...........#.#
#.........#.#.#
##.....#....b.#####
...##...........#
#..#@=.......b #.
#)S........
#.l........
#..........
##.........
#.........
[........ .......


You could see an adder, a bat and a frilled lizard.

Vanquished Creatures
  A dart slug (D:1)
  An endoplasm (D:1)
  2 goblins
  3 ball pythons
  A bat (D:2)
  2 kobolds
10 creatures vanquished.

Vanquished Creatures (collateral kills)
  A dart slug (D:1)
  An endoplasm (D:1)
  A hobgoblin (D:1)
  2 bats (D:1)
  A frilled lizard (D:1)
  A goblin (D:1)
  2 kobolds (D:1)
9 creatures vanquished.

Vanquished Creatures (others)
  A plant (D:1)
1 creature vanquished.

Grand Total: 20 creatures vanquished

Notes
Turn   | Place    | Note
-------+----------+-------------------------------------------
     0 | D:1      | opdollar the Gnoll Summoner began the quest for the Orb.
     0 | D:1      | Reached XP level 1. HP: 13/13 MP: 6/6
    97 | D:1      | Reached XP level 2. HP: 17/19 MP: 5/7
   258 | D:1      | Found a faded altar of an unknown god.
   267 | D:1      | Got Plato's Writings on Variation
   272 | D:1      | Prayed at the altar of an unknown god.
   272 | D:1      | Became a worshipper of Trog the Wrathful
   272 | D:1      | Reached * piety under Trog
  1197 | D:2      | Succumbed to an adder's poison

Illustrated notes

Levels and vault maps discovered:
D:1:      tarquinn_simple_flora_water_f, layout_rooms,
          shapermc_ecumenical_altar_rom_forum
D:2:      layout_rooms, basic_altar

Action                   || total
-------------------------++-------
Melee: Unarmed           ||     2
       Club              ||    37
       Bite              ||     5
 Cast: Summon Small Mamm ||    10
 Stab: Distracted        ||     2
       Sleeping          ||     1
Armor: Robe              ||     2
       Leather armour    ||    13
Dodge: Dodged            ||    30
